 Dungeon Crawl Stone Soup version 0.20-a0-638-gd210ae2 (webtiles) character file.

13867 Laan the Devastator (level 12, -8/59 HPs)
             Began as a Tengu Fire Elementalist on Feb 12, 2017.
             Was a High Priest of Vehumet.
             Mangled by a seven-headed hydra (11 damage)
             ... on level 1 of the Lair of Beasts.
             The game lasted 00:43:27 (12161 turns).

Laan the Devastator (Tengu Fire Elementalist)      Turns: 12161, Time: 00:43:27

Health: -8/59      AC:  4    Str:  9    XL:     12   Next: 10%
Magic:  26/36      EV: 13    Int: 20    God:    Vehumet [*****.]
Gold:   448        SH:  0    Dex: 15    Spells: 16/32 levels left

rFire    . . .     SeeInvis +   y - +1 short sword (vamp)
rCold    . . .     Gourm    .   C - +0 robe
rNeg     . . .     Faith    .   (no shield)
rPois    .         Spirit   .   (helmet restricted)
rElec    .         Reflect  .   x - +0 cloak
rCorr    .         Harm     .   L - +0 pair of gloves
MR       .....                  (boots unavailable)
Stlth    ++........             (no amulet)
Regen    0.2/turn               a - ring of magical power
                                z - ring of see invisible

@: studying Crossbows
A: beak, talons 3, able to fly 1
a: Fly, Renounce Religion


You were on level 1 of the Lair of Beasts.
You worshipped Vehumet.
Vehumet was extremely pleased with you.
You were not hungry.

You visited 3 branches of the dungeon, and saw 12 of its levels.
You also visited: Ossuary.

You collected 448 gold pieces.

Inventory:

Hand Weapons
 h - a +2 short sword of venom
 y - a +1 vampiric short sword (weapon)
Armour
 x - a +0 cloak (worn)
 C - a +0 robe (worn)
 L - a +0 pair of gloves (worn)
Jewellery
 a - a ring of magical power (right hand)
 d - the ring of Ragh {rPois Str+3 Dex+2, unknown}
   (You found it on level 8 of the Dungeon)

   [ring of poison resistance]

   It affects your strength (+3).
   It affects your dexterity (+2).
   It protects you from poison.
 z - a ring of see invisible (left hand)
 M - an uncursed ring of resist corrosion
 S - an uncursed ring of magical power
 T - an uncursed ring of stealth {unknown}
 V - an uncursed ring of protection from magic {unknown}
 Y - a cursed -3 ring of strength {unknown}
Wands
 Q - a wand of lightning (8/15)
 W - a wand of lightning (5/15)
 X - a wand of lightning (6/15)
 Z - a wand of lightning (10/15)
Scrolls
 e - 2 scrolls of amnesia
 f - a scroll of teleportation
 g - 2 scrolls of enchant weapon {unknown}
 i - 2 scrolls of magic mapping
 j - a scroll of remove curse
 k - a scroll of random uselessness {unknown}
 r - a scroll of fear {unknown}
 s - 7 scrolls of identify {unknown}
 A - 4 scrolls of noise {unknown}
 D - 2 scrolls of enchant armour {unknown}
 N - a scroll of brand weapon {unknown}
 P - 2 scrolls of fog {unknown}
Potions
 l - 4 potions of heal wounds
 m - 2 potions of agility
 n - 4 potions of berserk rage {unknown}
 o - a potion of degeneration {unknown}
 p - a potion of haste {unknown}
 q - 5 potions of mutation {unknown}
 t - a potion of brilliance {unknown}
 u - a potion of resistance {unknown}
 v - 3 potions of curing {unknown}
 w - 2 potions of lignification {unknown}
 G - 2 potions of ambrosia {unknown}
 H - 3 potions of flight {unknown}
 I - 2 potions of invisibility {unknown}
 J - 3 potions of might {unknown}
 K - 2 potions of cancellation {unknown}
Books
 b - a book of Flames

   Spells                             Type                      Level
   a - Flame Tongue                   Conjuration/Fire             1
   b - Throw Flame                    Conjuration/Fire             2
   c - Conjure Flame                  Conjuration/Fire             3
   d - Inner Flame                    Hexes/Fire                   3
   e - Sticky Flame                   Conjuration/Fire             4
   f - Fireball                       Conjuration/Fire             5
 B - a book of Annihilations

   Spells                             Type                      Level
   a - Poison Arrow                   Conjuration/Poison           6
   b - Chain Lightning                Conjuration/Air              8
   c - Lehudib's Crystal Spear        Conjuration/Earth            8
   d - Glaciate                       Conjuration/Ice              9
   e - Fire Storm                     Conjuration/Fire             9
 F - a book of Frost

   Spells                             Type                      Level
   a - Freeze                         Ice                          1
   b - Throw Frost                    Conjuration/Ice              2
   c - Ozocubu's Armour               Charms/Ice                   3
   d - Throw Icicle                   Conjuration/Ice              4
   e - Summon Ice Beast               Ice/Summoning                4
 O - a book of Battle

   Spells                             Type                      Level
   a - Infusion                       Charms                       1
   b - Shroud of Golubria             Charms/Translocation         2
   c - Song of Slaying                Charms                       2
   d - Spectral Weapon                Hexes/Charms                 3
   e - Regeneration                   Charms/Necromancy            3
 U - a manual of Crossbows
Comestibles
 c - 8 bread rations
 E - 2 royal jellies
 R - 7 chunks of flesh


   Skills:
 - Level 2.1 Dodging
 - Level 2.0 Stealth
 + Level 10.5 Spellcasting
 * Level 18.6 Conjurations
 - Level 3.2 Fire Magic


You had 16 spell levels left.
You knew the following spells:

 Your Spells              Type           Power        Failure   Level  Hunger
a - Flame Tongue          Conj/Fire      #####        1%          1    None
b - Conjure Flame         Conj/Fire      ######..     1%          3    None
c - Sticky Flame          Conj/Fire      ######..     1%          4    ##.....
d - Fireball              Conj/Fire      ######....   1%          5    ####...
e - Stone Arrow           Conj/Erth      #####.       1%          3    None


Dungeon Overview and Level Annotations

Branches:
Dungeon (10/15)            Temple (1/1) D:7            Lair (1/6) D:10
    Orc: D:9-12

Altars:
Ashenzari
Cheibriados
Dithmenos
Elyvilon
Fedhas
Gozag
Hepliaklqana
Kikubaaqudgha
Makhleb
Nemelex Xobeh
Okawaru
Qazlal
Ru
Sif Muna
Trog
Uskayaw
Vehumet
Xom
Yredelemnul
Zin
The Shining One

Shops:
D:5 =   D:6 *   D:10 [


Innate Abilities, Weirdness & Mutations

You have a beak for a mouth.
You have claws for feet.
You can fly.


Message History

The seven-headed hydra bites you but does no damage.
The seven-headed hydra burns!
The seven-headed hydra burns!
The seven-headed hydra burns!
The seven-headed hydra burns!
The seven-headed hydra burns!
The seven-headed hydra stops burning.
Casting: Sticky Flame
Confirm with . or Enter, or press ? or * to list all spells.
Aiming: Sticky Flame
Press: ? - help, Shift-Dir - straight line, f/p - seven-headed hydra
Aim: a seven-headed hydra (almost dead)
The sticky flame hits the seven-headed hydra.
The seven-headed hydra is almost dead.
The seven-headed hydra is covered in liquid flames!
The seven-headed hydra burns!
The seven-headed hydra bites you!
* * * LOW HITPOINT WARNING * * *
The seven-headed hydra misses you.
The seven-headed hydra closely misses you. x2
The seven-headed hydra bites you!
You die...

...# # ###...
.####.#..#
........ #.....#
##....# #..
#.....## ##..#
#P.....## ....
##.@##...####..#
##.D####...#...#
##..#.# ##.....#
# ####...###
##...## ##
#....### #....##
##. ##...#
##....# ###..
##..###
##..^..###....
#...#
#..............
#....#
#.^..###........


You could see a seven-headed hydra (burning).

Vanquished Creatures
  Josephine (D:10)
  Erolcha (D:10)
  A two-headed ogre (D:8)
  An unseen horror (D:10)
  The ghost of dondy the Frost Mage, a novice BaIE (D:5)
  A troll (D:9)
  A hornet (D:10)
  6 hippogriffs
  Prince Ribbit (D:7)
  12 yaks
  A wyvern (D:9)
  3 wraiths (D:10)
  A hungry ghost (D:8)
  The ghost of krfreak the Stinger, an amateur NaVM (D:4)
  Grum (Lair:1)
  3 water moccasins
  Duvessa (D:6)
  2 orc warriors (D:10)
  2 black bears
  2 ice beasts
  A phantom (D:7)
  7 sky beasts
  2 necrophages
  6 centaurs
  3 ogres
  4 wolves (Lair:1)
  2 big kobolds
  4 bullfrogs
  Dowan (D:6)
  6 water moccasin zombies (Ossuary)
  4 scorpions
  11 killer bees
  4 wights (D:8)
  5 crimson imps
  6 jellies
  A centaur zombie (D:6)
  5 hounds
  5 orc priests
  3 quasits
  6 bullfrog skeletons
  Crazy Yiuf (D:2)
  7 orc wizards
  Jessica (D:3)
  5 iguanas
  9 worker ants
  Ijyb (D:3)
  A killer bee zombie (D:5)
  2 big kobold zombies (Ossuary)
  A hound skeleton (D:5)
  2 mummies (Ossuary)
  A worker ant zombie (D:5)
  12 adders
  2 howler monkey skeletons (D:9)
  2 shadow imps
  An ooze (D:6)
  4 adder zombies (Ossuary)
  2 adder skeletons
  A worm (D:2)
  3 dart slugs
  3 leopard geckos
  39 orcs
  5 bats
  7 giant cockroaches
  3 gnoll zombies (Ossuary)
  9 goblins
  10 hobgoblins
  2 jackals (D:2)
  9 kobolds
  3 quokkas
  2 ball pythons (D:4)
  6 frilled lizards
  A goblin zombie (D:7)
  5 hobgoblin zombies (Ossuary)
  A jackal zombie (D:7)
  A leopard gecko skeleton (D:7)
  A leopard gecko zombie (D:5)
  4 orc zombies (Ossuary)
  A quokka zombie (D:7)
  11 rats
310 creatures vanquished.

Notes
Turn   | Place    | Note
-------+----------+-------------------------------------------
     0 | D:1      | Laan the Tengu Fire Elementalist began the quest for the Orb.
     0 | D:1      | Reached XP level 1. HP: 10/10 MP: 4/4
    45 | D:1      | Reached skill level 2 in Conjurations
   208 | D:1      | Reached XP level 2. HP: 15/15 MP: 4/6
   689 | D:1      | Reached skill level 3 in Conjurations
  1099 | D:2      | Reached XP level 3. HP: 19/19 MP: 3/7
  1148 | D:2      | Found a shadowy altar of Dithmenos.
  1340 | D:2      | Found an iron altar of Okawaru.
  1442 | D:2      | Found a shattered altar of Ashenzari.
  1791 | D:2      | Learned a level 3 spell: Conjure Flame
  1801 | D:2      | Found a runed door.
  1805 | D:2      | Noticed Crazy Yiuf
  1845 | D:2      | Killed Crazy Yiuf
  1845 | D:2      | Reached skill level 4 in Conjurations
  1845 | D:2      | Reached XP level 4. HP: 20/24 MP: 0/9
  2049 | D:3      | Noticed Jessica
  2112 | D:3      | Noticed Ijyb
  2120 | D:3      | Killed Ijyb
  2221 | D:3      | Killed Jessica
  2221 | D:3      | Reached skill level 5 in Conjurations
  2221 | D:3      | Gained mutation: You can fly. [Tengu growth]
  2221 | D:3      | Reached XP level 5. HP: 28/28 MP: 8/10
  2701 | D:4      | Noticed krfreak's ghost (amateur NaVM)
  2708 | D:3      | Learned a level 4 spell: Sticky Flame
  2760 | D:4      | Reached skill level 6 in Conjurations
  2760 | D:4      | Reached XP level 6. HP: 32/32 MP: 9/12
  2831 | D:4      | Killed krfreak's ghost
  2831 | D:4      | Reached skill level 7 in Conjurations
  3072 | D:4      | Reached XP level 7. HP: 36/36 MP: 8/14
  3614 | D:5      | Entered Level 5 of the Dungeon
  3614 | D:5      | Found Teul's Jewellery Emporium.
  3632 | D:4      | Reached skill level 8 in Conjurations
  3774 | D:5      | Noticed dondy's ghost (novice BaIE)
  3885 | D:6      | Learned a level 5 spell: Fireball
  3985 | D:6      | Noticed Dowan
  3986 | D:6      | Noticed Duvessa
  3998 | D:6      | Killed Duvessa
  3998 | D:6      | Reached skill level 5 in Spellcasting
  3998 | D:6      | Reached skill level 9 in Conjurations
  3998 | D:6      | Reached XP level 8. HP: 41/41 MP: 10/16
  4005 | D:6      | Noticed Prince Ribbit
  4146 | D:6      | Reached skill level 10 in Conjurations
  4175 | D:6      | Killed Dowan
  4422 | D:6      | Found Bihe's Assorted Antiques.
  4438 | D:6      | Found an ancient bone altar of Kikubaaqudgha.
  4531 | D:6      | Found a bloodstained altar of Trog.
  4856 | D:6      | Reached skill level 11 in Conjurations
  4898 | D:6      | Found a faded altar of an unknown god.
  4898 | D:6      | Found a faded altar of an unknown god.
  4903 | D:6      | Found a deep blue altar of Sif Muna.
  4905 | D:6      | Found a burning altar of Makhleb.
  4906 | D:6      | Found a basalt altar of Yredelemnul.
  5081 | D:5      | Killed dondy's ghost
  5081 | D:5      | Reached XP level 9. HP: 45/45 MP: 7/19
  5282 | D:5      | Found a shimmering altar of Xom.
  5436 | D:5      | Reached skill level 12 in Conjurations
  5643 | D:5      | Found a hide-covered altar of Uskayaw.
  5721 | D:5      | Found a glowing golden altar of the Shining One.
  5902 | D:7      | Found a staircase to the Ecumenical Temple.
  5913 | Temple   | Entered the Ecumenical Temple
  5918 | Temple   | Became a worshipper of Vehumet
  6009 | D:7      | Reached skill level 13 in Conjurations
  6083 | D:7      | Found a sand-covered staircase.
  6091 | Ossuary  | Entered an ossuary
  6323 | Ossuary  | Reached * piety under Vehumet
  6323 | Ossuary  | Offered knowledge of Sandblast by Vehumet.
  7068 | D:7      | Found a shattered altar of Ashenzari.
  7169 | D:7      | Killed Prince Ribbit
  7169 | D:7      | Reached skill level 14 in Conjurations
  7169 | D:7      | Reached XP level 10. HP: 40/50 MP: 22/22
  7774 | D:8      | Reached ** piety under Vehumet
  7774 | D:8      | Offered knowledge of Magic Dart by Vehumet.
  8101 | D:8      | Got a bound wooden ring
  8124 | D:8      | Noticed a two-headed ogre
  8136 | D:8      | Killed a two-headed ogre
  8136 | D:8      | Reached skill level 15 in Conjurations
  8505 | D:8      | Offered knowledge of Stone Arrow by Vehumet.
  8514 | D:8      | Learned a level 3 spell: Stone Arrow
  8883 | D:9      | Reached skill level 16 in Conjurations
  8900 | D:9      | Reached XP level 11. HP: 18/54 MP: 2/25
  9120 | D:9      | Reached *** piety under Vehumet
  9449 | D:9      | Offered knowledge of Static Discharge by Vehumet.
  9873 | D:9      | Reached skill level 17 in Conjurations
 10206 | D:10     | Entered Level 10 of the Dungeon
 10262 | D:10     | Reached **** piety under Vehumet
 10581 | D:10     | Noticed an unseen horror
 10590 | D:10     | Killed an unseen horror
 10802 | D:10     | Noticed Josephine
 10812 | D:10     | Killed Josephine
 10812 | D:10     | Reached skill level 10 in Spellcasting
 11069 | D:10     | Found a staircase to the Lair.
 11149 | D:10     | Offered knowledge of Bolt of Draining by Vehumet.
 11227 | D:10     | Found Susuixac's Armour Emporium.
 11318 | D:10     | Noticed Erolcha
 11323 | D:10     | Killed Erolcha
 11323 | D:10     | Reached skill level 18 in Conjurations
 11898 | Lair:1   | Entered Level 1 of the Lair of Beasts
 11911 | Lair:1   | Noticed Grum
 11911 | Lair:1   | Reached XP level 12. HP: 59/59 MP: 27/27
 11912 | Lair:1   | Reached ***** piety under Vehumet
 11918 | Lair:1   | Killed Grum
 11939 | D:10     | Offered knowledge of Lightning Bolt by Vehumet.
 12147 | Lair:1   | Noticed a seven-headed hydra
 12161 | Lair:1   | Mangled by a seven-headed hydra

Vault maps used:
D:1:      evilmike_arrival_home_sweet_home
D:2:      overflow_temple_1_default, evilmike_ruin_ashenzari,
          overflow_temple_1_default, serial_glass, glass_columns_c,
          glass_columns_a, glass_columns_a, uniq_crazy_yiuf_cottage
D:3:      lemuel_upstairs_altar, uniq_jessica, uniq_iyjb
D:5:      lemuel_crystal_altar, nicolae_tso_carved_into_rock, basic_altar,
          serial_shops, shop, first_bread
D:6:      old_standard_altar, kiku_gazebo_pond_becter,
          chequers_temple_overflow_minitemple, serial_shops, shop_fountains,
          uniq_duvessa, uniq_prince_ribbit1
D:7:      minmay_temple_entry_statues_pillars, basic_altar, enter_ossuary_4,
          hangedman_abyss_or_decor_slice
D:8:      serial_corexii_hall, corexii_hall_statues_l, corexii_hall_statues_x
D:10:     lair_entry_dummy, serial_shops, kennysheep_mini_moat,
          minmay_misc_feat_columns, uniq_erolcha, uniq_josephine
Temple:   minmay_freezing_vapour_temple
Lair:1:   uniq_fannar, uniq_grum
Ossuary:  ossuary_tomb_2

Skill      XL: |  1  2  3  4  5  6  7  8  9 10 11 |
---------------+----------------------------------+-----
Conjurations   | 2 3 4 5 6 7 9 11 14 16 18 | 18.6
Spellcasting   | 3 4 5 6 7 9 10 | 10.5
Dodging        | |  2.1
Stealth        | |  2.0
Fire Magic     | |  3.2

Action                   |  1- 3 |  4- 6 |  7- 9 | 10-12 || total
-------------------------+-------+-------+-------+-------++-------
Melee: Kick              |     1 |       |     5 |    21 ||    27
       Unarmed           |     1 |       |       |       ||     1
       Short sword       |       |       |    13 |   107 ||   120
       Peck              |       |       |     2 |    12 ||    14
 Cast: Flame Tongue      |    62 |    56 |   268 |   319 ||   705
       Conjure Flame     |     1 |     1 |     1 |     3 ||     6
       Sticky Flame      |       |       |    19 |    54 ||    73
       Fireball          |       |       |     4 |    26 ||    30
       Stone Arrow       |       |       |       |     7 ||     7
  Use: Potion            |       |     1 |       |     5 ||     6
       Scroll            |       |       |     6 |     1 ||     7
 Stab: Sleeping          |       |       |     1 |       ||     1
       Distracted        |       |       |       |     1 ||     1
  Eat: Chunk             |     3 |     4 |     9 |    19 ||    35
       Fruit             |       |       |     4 |     1 ||     5
       Meat ration       |       |       |     2 |     1 ||     3
Armor: Robe              |     2 |     1 |    16 |    61 ||    80
Dodge: Dodged            |     5 |    11 |    94 |   167 ||   277
